 Dungeon Crawl Stone Soup version 0.21-a0-122-g43b3ea6 (webtiles) character file.

294 sagitran the Chopper (level 6, -1/48 HPs)
             Began as a Demonspawn Abyssal Knight on July 13, 2017.
             Was a Believer of Lugonu.
             Shot with an arrow by a centaur (2 damage)
             ... on level 5 of the Dungeon.
             The game lasted 00:16:04 (4408 turns).

sagitran the Chopper (Demonspawn Abyssal Knight)    Turns: 4408, Time: 00:16:05

Health: -1/48      AC:  7    Str: 15    XL:     6   Next: 11%
Magic:  7/7        EV: 12    Int: 18    God:    Lugonu [**....]
Gold:   167        SH:  0    Dex: 12    Spells: 4/5 levels left

rFire    + . .     SeeInvis .   a - +1 hand axe
rCold    . . .     Gourm    .   (no shield)
rNeg     . . .     Faith    .   b - +0 leather armour
rPois    +         Spirit   .   (helmet restricted)
rElec    .         Reflect  .   (no cloak)
rCorr    .         Harm     .   (no gloves)
MR       .....                  m - +0 pair of boots
Stlth    ++........             (no amulet)
HPRegen  0.16/turn              (no ring)
MPRegen  0.10/turn              (no ring)

@: brilliant
A: horns 2, thin metallic scales 2, fire resistance 1, nightstalker 1, poison
resistance, evolution 1
a: Depart the Abyss, Bend Space, Renounce Religion


You were on level 5 of the Dungeon.
You worshipped Lugonu.
Lugonu was pleased with you.
You were near starving.

You visited 1 branch of the dungeon, and saw 5 of its levels.
You visited the Abyss 1 time.

You collected 167 gold pieces.

Inventory:

Hand Weapons
 a - a +1 hand axe (weapon)
Missiles
 e - 11 poisoned needles
 f - 5 tomahawks (quivered)
Armour
 b - a +0 leather armour (worn)
 m - a +0 pair of boots (worn)
Scrolls
 c - a scroll of enchant weapon {unknown}
 d - 2 scrolls of teleportation {unknown}
 g - 2 scrolls of remove curse {unknown}
 h - a scroll of fog
 j - a scroll of blinking {unknown}
 o - a scroll of identify {unknown}
Books
 l - a book of the Dragon

   Spells                             Type                      Level
   a - Flame Tongue                   Conjuration/Fire             1
   b - Cause Fear                     Hexes                        4
   c - Bolt of Fire                   Conjuration/Fire             6
   d - Dragon Form                    Transmutation                7
   e - Dragon's Call                  Summoning                    9
Comestibles
 k - a meat ration


   Skills:
 + Level 3.8 Fighting
 + Level 4.0 Axes
 + Level 0.6 Throwing
 + Level 3.0 Armour
 + Level 2.2 Dodging
 + Level 0.4 Stealth
 + Level 2.6 Invocations


You had 4 spell levels left.
You knew the following spells:

 Your Spells              Type           Power        Failure   Level  Hunger
a - Flame Tongue          Conj/Fire      ##...        3%          1    ##.....


Dungeon Overview and Level Annotations

Branches:
Dungeon (5/15)
 Temple: D:4-7

Altars:

Annotations:
D:3 Ijyb


Innate Abilities, Weirdness & Mutations

You have a pair of horns on your head.
You are mostly covered in thin metallic scales. (AC +3)
You are slightly more attuned to the shadows.
Your flesh is heat resistant. (rF+)
Your system is resistant to poisons. (rPois)
You evolve.


Message History

Your experience leads to an increase in your attributes!
Increase (S)trength, (I)ntelligence, or (D)exterity?
You feel stronger.
Your demonic ancestry asserts itself...
The horns on your head grow some more.
The centaur shoots an arrow.
The arrow hits you but does no damage.
The centaur shoots an arrow.
The arrow hits you!
* * * LOW HITPOINT WARNING * * *
Things that are here:
an arrow; a hound corpse The centaur shoots an arrow.
The arrow hits you!
* * * LOW HITPOINT WARNING * * *
Found a helmet.
You see here an arrow.
It was a potion of brilliance.
You feel clever all of a sudden.
It was a potion of mutation.
You feel extremely strange.
You feel nature experimenting on you.
Don't worry, failures die fast.
You feel resistant to heat.
You feel resistant to poisons.
The centaur shoots an arrow.
The arrow hits you.
You die...

+... #...
#... #...
##...####+##
.#..c..((@..#
.'....<.....#
.##.....##..#
#.....# ..#
.[...... ..#
...........[#
.##.....##..#
#.....# ..


You could see a centaur.

Vanquished Creatures
  A howler monkey (D:4)
  A crimson imp (D:4)
  A hound (D:5)
  A worker ant (D:4)
  Robin (D:4)
  5 gnolls
  3 adders
  2 worms (D:2)
  2 dart slugs (D:1)
  A leopard gecko (D:1)
  An orc (D:4)
  3 giant cockroaches
  12 goblins
  15 hobgoblins
  2 jackals (D:4)
  5 kobolds (D:1)
  7 bats
  7 frilled lizards
  4 rats
74 creatures vanquished.

Notes
Turn   | Place    | Note
-------+----------+-------------------------------------------
     0 | Abyss:1  | sagitran the Demonspawn Abyssal Knight began the quest for the Orb.
     0 | Abyss:1  | Reached XP level 1. HP: 18/18 MP: 2/2
    15 | D:1      | Escaped the Abyss
   156 | D:1      | Reached skill level 1 in Dodging
   180 | D:1      | Reached skill level 2 in Axes
   313 | D:1      | Gained mutation: You are partially covered in thin metallic scales. (AC +2) [demonic ancestry]
   313 | D:1      | Reached XP level 2. HP: 22/24 MP: 3/3
   574 | D:1      | Reached ** piety under Lugonu
   655 | D:1      | Gained mutation: You are mostly covered in thin metallic scales. (AC +3) [demonic ancestry]
   655 | D:1      | Reached XP level 3. HP: 7/29 MP: 4/4
  2059 | D:2      | Gained mutation: You are slightly more attuned to the shadows. [demonic ancestry]
  2059 | D:2      | Reached XP level 4. HP: 16/35 MP: 5/5
  3593 | D:3      | Learned a level 1 spell: Flame Tongue
  3942 | D:3      | Noticed Ijyb
  3999 | D:4      | Noticed an ogre
  4032 | D:4      | Reached skill level 3 in Axes
  4032 | D:4      | Gained mutation: You have a pair of small horns on your head. [demonic ancestry]
  4032 | D:4      | Reached XP level 5. HP: 30/41 MP: 6/6
  4151 | D:4      | Noticed Robin
  4194 | D:4      | Killed Robin
  4374 | D:5      | Entered Level 5 of the Dungeon
  4398 | D:4      | Noticed an ogre
  4401 | D:5      | Noticed a centaur
  4403 | D:5      | Reached skill level 4 in Axes
  4403 | D:5      | Gained mutation: You have a pair of horns on your head. [demonic ancestry]
  4403 | D:5      | Reached XP level 6. HP: 20/48 MP: 7/7
  4405 | D:5      | HP: 1/48 [centaur/arrow (11)]
  4408 | D:5      | Gained mutation: You evolve. [potion of mutation]
  4408 | D:5      | Gained mutation: Your flesh is heat resistant. (rF+) [potion of mutation]
  4408 | D:5      | Gained mutation: Your system is resistant to poisons. (rPois) [potion of mutation]
  4408 | D:5      | Shot with an arrow by a centaur

Vault maps used:
D:1:      dpeg_arrival_water_temple_mockup
D:3:      uniq_ijyb
D:4:      kiku_gazebo_garden_becter, first_bread, uniq_robin
D:5:      gup_sewer_entry_spiral, uniq_menkaure, uniq_blork_the_orc

Skill      XL: |  1  2  3  4  5 |
---------------+----------------+-----
Dodging        | 1 2 |  2.2
Axes           | 2 3 4 |  4.0
Armour         | 2 3 |  3.0
Fighting       | |  3.8
Throwing       | |  0.6
Stealth        | |  0.4
Invocations    | |  2.6

Action                   |  1- 3 |  4- 6 || total
-------------------------+-------+-------++-------
Melee: Hand axe          |   147 |   215 ||   362
       Headbutt          |       |    18 ||    18
Throw: Tomahawk          |     9 |     6 ||    15
  Use: Potion            |     1 |     5 ||     6
       Scroll            |     1 |     1 ||     2
 Stab: Sleeping          |       |     1 ||     1
  Eat: Bread ration      |     1 |       ||     1
       Fruit             |       |     4 ||     4
       Royal jelly       |       |     1 ||     1
Armor: Leather armour    |    66 |    84 ||   150
Dodge: Dodged            |    99 |   165 ||   264
